 Dungeon Crawl Stone Soup version 0.17-a0-2093-gc772f4b (webtiles) character file.

95381 veever the Tortoise (level 15, -4/144 HPs)
             Began as a Deep Dwarf Berserker on Oct 15, 2015.
             Was a Priest of Trog.
             Killed from afar by a naga ritualist (28 damage)
             ... with a lance of force
             ... on level 4 of the Snake Pit on Oct 16, 2015.
             The game lasted 02:07:19 (19098 turns).

veever the Tortoise (Deep Dwarf Berserker)         Turns: 19098, Time: 02:07:19

Health: -4/144     AC: 31    Str: 25 (27) XL:     15   Next: 66%
Magic:  0/0        EV:  9    Int: 16      God:    Trog [***...]
Gold:   1374       SH:  0    Dex: 12      Spells: 0 memorised, 14 levels left

rFire  + . .     SeeInvis .     a - +5 executioner's axe of Lupnilatuu {flame, rPois rF- MR+ Int+6}
rCold  + + .     Clarity  .     R - +1 gold dragon armour
rNeg   + + .     SustAt   .     (no shield)
rPois  +         Gourm    .     (helmet restricted)
rElec  .         Spirit   .     x - +0 cloak
rCorr  +         Warding  +     k - +0 pair of gloves
rMut   .         Stasis   .     v - +1 pair of boots of Weightlessness {rF+ rC+ Regen+ rCorr Str+2}
MR     +++++                    L - amulet of warding
Stlth  ..........               B - +4 ring of evasion
                                e - +4 ring of slaying

@: lethally poisoned (-4 -> -4), very slightly contaminated, non-regenerating,
hasted, constricted, studying Armour, very quick, almost entirely resistant to
hostile enchantments, extremely unstealthy
A: damage resistance, recharge devices, beak, horns 1, blurry vision 1, negative
energy resistance 1, sense surroundings 2, shaggy fur 1, slow regeneration 3
a: Device Recharging, Burn Spellbooks, Berserk, Trog's Hand, Renounce Religion


You were on level 4 of the Snake Pit.
You worshipped Trog.
Trog was most pleased with you.
You were not hungry.

You visited 3 branches of the dungeon, and saw 21 of its levels.

You collected 1644 gold pieces.
You spent 270 gold pieces at shops.

Inventory:

Hand Weapons
 a - the +5 executioner's axe of Lupnilatuu (weapon) {flame, rPois rF- MR+ Int+6}
   (You bought it in a shop on level 9 of the Dungeon)

   It has been specially enchanted to burn those struck by it, causing extra
   injury to most foes and up to half again as much damage against particularly
   susceptible opponents.
   Big, fiery blades are also staple armaments of hydra-hunters.
   It affects your intelligence (+6).
   It makes you vulnerable to fire.
   It protects you from poison.
   It affects your resistance to hostile enchantments.
 F - the cursed +3 longbow "Hesaces" {freeze, rElec}
   (You found it on level 3 of the Snake Pit)

   It causes projectiles fired from it to freeze those they strike, causing
   extra injury to most foes and up to half again as much damage against
   particularly susceptible opponents.
   They can also slow down cold-blooded creatures.
   It insulates you from electricity.
   It has a curse placed upon it.
Armour
 k - a +0 pair of gloves (worn)
 u - a +1 helmet of intelligence
 v - the +1 pair of boots of Weightlessness (worn) {rF+ rC+ Regen+ rCorr Str+2}
   (You acquired it on level 3 of the Lair of Beasts)

   It affects your strength (+2).
   It protects you from fire.
   It protects you from cold.
   It increases your rate of regeneration.
   It protects you from acid and corrosion.
 x - a +0 cloak (worn)
 R - a +1 gold dragon armour (worn)
 X - the +9 scale mail "Xatsun" {rC- Str+4 Dex+10}
   (You found it on level 7 of the Lair of Beasts)

   It affects your strength (+4).
   It affects your dexterity (+10).
   It makes you vulnerable to cold.
Jewellery
 e - a +4 ring of slaying (left hand)
 g - a +3 ring of slaying
 s - an uncursed amulet of resist mutation {unknown}
 z - a cursed -3 ring of intelligence
 B - a +4 ring of evasion (right hand)
 L - an amulet of warding (around neck)
Wands
 c - a wand of heal wounds (0)
 l - a wand of flame (33)
 A - a wand of frost (27)
 G - a wand of teleportation (0)
 N - a wand of enslavement (15)
 V - a wand of polymorph (11)
 W - a wand of disintegration (13)
Scrolls
 n - a scroll of identify
 w - 2 scrolls of fog
 y - 3 scrolls of enchant weapon
 H - a scroll of teleportation
 O - 5 scrolls of remove curse
 Z - a scroll of fear
Potions
 b - a potion of brilliance
 f - a potion of cancellation {unknown}
 h - a potion of curing
 j - 2 potions of invisibility {unknown}
 m - 2 potions of degeneration
 r - 2 potions of flight {unknown}
 t - a potion of might
 S - 3 potions of berserk rage
 Y - 2 potions of agility {unknown}
Books
 o - a manual of Armour {I AM A WALL}
Comestibles
 d - 4 bread rations
 i - 4 meat rations
 p - a royal jelly
 q - 5 slices of pizza
 C - 5 beef jerkies
 M - 38 fruits


   Skills:
 + Level 11.9 Fighting
 * Level 18.7 Axes
   Level 1.5(11.8) Maces & Flails
 * Level 20.2 Armour
 - Level 3.5 Dodging
 - Level 0.3 Stealth
 - Level 0.3 Evocations


You had 14 spell levels left.
You didn't know any spells.

Dungeon Overview and Level Annotations

Branches:
Dungeon (9/15)             Temple (0/1) D:4            Lair (8/8) D:9
  Snake (4/4) Lair:5        Slime (0/6) Lair:8
  Swamp: Lair:3-6    Shoals: Lair:3-6       Orc: D:9-12

Altars:
Ashenzari
Makhleb
Trog
Xom

Shops:
D:6 *   D:9 (

Portals:
Hell: Lair:8

Annotations:
Snake:1 Asterion
Snake:3 Vashnia


Innate Abilities, Weirdness & Mutations

You are resistant to damage.
You can recharge devices by infusing magical energy.
You resist negative energy.
You passively map the area around you.
You do not regenerate naturally.
You have a beak for a mouth.
You have a pair of small horns on your head.
Scrolls take you a little longer to read.
You are covered in fur (AC +1).


Message History

Unknown command.
Drink which item? (? for menu, Esc to quit)
Okay, then.
Evoke which item? (* to show all) (? for menu, Esc to quit)
Okay, then.
Read which item? (? for menu, Esc to quit)
Okay, then.
Read which item? (? for menu, Esc to quit)
Really read with blurry vision while enemies are nearby?
Uppercase [Y]es or [N]o only, please.
Really read with blurry vision while enemies are nearby?
You begin reading the scroll.
You continue reading the scroll.
The greater naga hits you but does no damage.
* * * LOW HITPOINT WARNING * * *
The greater naga constricts you. The naga mage closely misses you.
The greater naga hits you from afar with a spear.
The greater naga closely misses you.
The naga ritualist casts a spell at you.
The lance of force hits you!
You die... ** *#### * ##.φ.#. * ##NNS^... #NNSNN... #@NNNSS..

, , ,
###NSNN.#
, , #'###
,,N# , ,
, , * ,,
** , , *
* , , *
**' *


You could see 6 greater nagas, 2 naga sharpshooters, a naga ritualist, 5
guardian serpents and 4 naga magi.

Vanquished Creatures
  3 greater nagas
  Aizul (Snake:1)
  Nessos (Lair:5)
  Azrael (Snake:3)
  10 naga warriors
  4 hydras
  12 anacondas
  10 death yaks
  3 shock serpents
  9 naga sharpshooters
  A sun demon (Lair:8)
  A wizard (Lair:8)
  4 naga ritualists
  A salamander mystic (Snake:1)
  A hill giant (D:9)
  2 orc knights (D:7)
  10 mana vipers
  2 griffons
  32 black mambas
  A sixfirhy (Lair:8)
  A smoke demon (Lair:8)
  3 salamanders
  5 elephants (Lair:7)
  14 spiny frogs
  7 guardian serpents
  11 naga magi
  4 orange demons (Lair:8)
  7 komodo dragons
  5 fire drakes
  2 red devils (Lair:8)
  2 blue devils (Lair:8)
  2 polar bears
  A boulder beetle (Lair:7)
  A queen bee (D:9)
  9 blink frogs
  14 yaks
  6 hippogriffs
  A wyvern (D:8)
  14 wargs (D:7)
  The ghost of Undrscore the Spear-Bearer, an amateur MfGl of Okawaru (D:4)
  4 fire elementals (Snake:3)
  26 nagas
  5 wolves
  10 water moccasins
  13 porcupines
  Duvessa (D:4)
  An ice beast (D:7)
  A sky beast (D:7)
  3 hell hounds
  6 orc warriors (D:7)
  2 phantoms
  2 centaurs (D:5)
  2 ogres
  18 giant frogs
  Blork the orc (D:5)
  14 crocodiles
  Dowan (D:4)
  4 scorpions
  23 killer bees (D:9)
  4 wights (D:7)
  2 giant frog zombies
  6 jellies (Lair:8)
  2 crimson imps
  2 giant frog skeletons
  5 hounds
  6 iguanas
  7 orc priests
  5 orc wizards
  A gnoll shaman (D:5)
  6 worker ants
  12 sheep
  A hound zombie (D:9)
  A spectral worker ant (D:9)
  A hound skeleton (D:9)
  A worker ant zombie (D:9)
  9 adders
  6 gnolls (D:5)
  18 river rats
  3 oozes
  3 adder skeletons
  2 worms
  4 giant geckos
  52 orcs
  2 ball pythons
  6 goblins
  3 hobgoblins (D:2)
  5 kobolds
  4 quokkas
  6 bats
  5 giant cockroaches
  A giant gecko zombie (D:5)
  8 giant newts
  13 jackals
  A quokka zombie (D:9)
  9 rats
  2 bushes (Lair:4)
  13 fungi
  11 plants
604 creatures vanquished.

Vanquished Creatures (others)
  2 wolves (Lair:8)
  4 bushes (Lair:4)
  13 fungi
  4 plants
23 creatures vanquished.

Grand Total: 627 creatures vanquished

Notes
Turn   | Place    | Note
--------------------------------------------------------------
     0 | D:1      | veever the Deep Dwarf Berserker began the quest for the Orb.
     0 | D:1      | Reached XP level 1. HP: 20/20 MP: 1/1
   253 | D:1      | Reached XP level 2. HP: 22/27 MP: 2/2
  1045 | D:2      | Reached ** piety under Trog
  1045 | D:2      | Reached skill level 4 in Axes
  1110 | D:2      | Reached XP level 3. HP: 31/34 MP: 3/3
  1533 | D:3      | Reached XP level 4. HP: 28/42 MP: 4/4
  2639 | D:4      | Noticed Duvessa
  2640 | D:4      | Noticed Dowan
  2663 | D:4      | Killed Duvessa
  2663 | D:4      | Reached skill level 5 in Axes
  2663 | D:4      | Reached skill level 1 in Maces & Flails
  2663 | D:4      | Reached XP level 5. HP: 30/50 MP: 5/5
  2666 | D:4      | HP: 2/50 [Dowan/stone arrow (10)]
  2667 | D:4      | Killed Dowan
  2667 | D:4      | Reached XP level 6. HP: 2/57 MP: 6/6
  2859 | D:4      | Reached *** piety under Trog
  2995 | D:4      | Found a staircase to the Ecumenical Temple.
  3215 | D:4      | Noticed Undrscore's ghost (amateur MfGl)
  3613 | D:4      | Killed Undrscore's ghost
  3613 | D:4      | Reached skill level 6 in Axes
  3613 | D:4      | Reached XP level 7. HP: 64/64 MP: 6/6
  3664 | D:5      | Entered Level 5 of the Dungeon
  3701 | D:5      | Found a shattered altar of Ashenzari.
  3936 | D:5      | Noticed Blork the orc
  3947 | D:5      | Killed Blork the orc
  3947 | D:5      | Reached skill level 5 in Armour
  3987 | D:5      | Reached skill level 7 in Axes
  4057 | D:5      | Reached XP level 8. HP: 50/73 MP: 7/7
  4358 | D:5      | Got an ichor-stained spear
  4361 | D:5      | Identified the cursed +1 spear "Jellybane" {venom, +Fly rF+ MR+ Int-5} (You found it on level 5 of the Dungeon)
  4747 | D:6      | Reached skill level 5 in Fighting
  4908 | D:6      | Found Gaapsuuf's Blasphemy Boutique.
  4911 | D:6      | Found a burning altar of Makhleb.
  5013 | D:6      | Reached skill level 8 in Axes
  5344 | D:7      | Gained mutation: You passively map the area around you. [Deep Dwarf growth]
  5344 | D:7      | Reached XP level 9. HP: 37/81 MP: 7/7
  5421 | D:7      | Reached skill level 9 in Axes
  5424 | D:7      | Reached **** piety under Trog
  5476 | D:7      | Noticed an orc knight
  5476 | D:7      | Noticed an orc knight
  5487 | D:7      | Killed an orc knight
  5498 | D:7      | Killed an orc knight
  5498 | D:7      | Received a gift from Trog
  5499 | D:7      | Reached skill level 10 in Axes
  5504 | D:7      | HP: 3/84 [orc warrior/flail (11)]
  5699 | D:7      | Reached XP level 10. HP: 42/92 MP: 6/6
  5866 | D:7      | Reached skill level 10 in Armour
  6253 | D:7      | Reached skill level 11 in Axes
  6999 | D:8      | Found a shimmering altar of Xom.
  7252 | D:9      | Found a bloodstained altar of Trog.
  7263 | D:9      | Got a pearl-encrusted leather armour
  7265 | D:9      | Identified the +1 leather armour of Rusim {*Drain rElec rN+ SInv} (You found it on level 9 of the Dungeon)
  7285 | D:9      | Noticed a hill giant
  7297 | D:9      | Killed a hill giant
  7335 | D:9      | Reached ***** piety under Trog
  7476 | D:9      | Received a gift from Trog
  7650 | D:9      | Found Futom's Antique Weapon Boutique.
  7663 | D:9      | Bought an encrusted executioner's axe for 270 gold pieces
  7665 | D:9      | Identified the +5 executioner's axe of Lupnilatuu {flame, rPois rF- MR+ Int+6} (You bought it in a shop on level 9 of the Dungeon)
  7725 | D:9      | Reached XP level 11. HP: 94/100 MP: 5/5
  7811 | D:9      | Found a staircase to the Lair.
  7901 | Lair:1   | Entered Level 1 of the Lair of Beasts
  7908 | Lair:1   | Reached skill level 12 in Axes
  8205 | Lair:1   | Got a dazzling rapier
  8217 | Lair:1   | Identified the +7 rapier of Cheibriados {venom, Dex+4 SInv} (You found it on level 1 of the Lair of Beasts)
  8720 | Lair:3   | Noticed a five-headed hydra
  9092 | Lair:3   | Killed a three-headed hydra
  9195 | Lair:3   | Identified a scroll of acquirement
  9198 | Lair:3   | Got a pair of brightly glowing boots
  9204 | Lair:3   | Identified the +1 pair of boots of Weightlessness {rF+ rC+ Regen+ rCorr Str+2} (You acquired it on level 3 of the Lair of Beasts)
  9508 | Lair:3   | Reached skill level 13 in Axes
  9669 | Lair:3   | Found a shimmering altar of Xom.
 10322 | Lair:4   | Noticed an eight-headed hydra
 10329 | Lair:4   | Killed a five-headed hydra
 10329 | Lair:4   | Reached XP level 12. HP: 71/112 MP: 6/6
 11627 | Lair:5   | Noticed Nessos
 11630 | Lair:5   | Killed Nessos
 11630 | Lair:5   | Reached skill level 14 in Axes
 11712 | Lair:5   | Found a staircase to the Snake Pit.
 11928 | Lair:5   | Received a gift from Trog
 12482 | Lair:6   | Noticed a five-headed hydra
 12488 | Lair:6   | Killed a three-headed hydra
 12864 | Lair:6   | Reached XP level 13. HP: 97/122 MP: 5/5
 13064 | Lair:7   | Reached skill level 15 in Axes
 13472 | Lair:7   | Got a steaming scale mail
 13478 | Lair:7   | Identified the +9 scale mail "Xatsun" {rC- Str+4 Dex+10} (You found it on level 7 of the Lair of Beasts)
 13553 | Lair:7   | Reached skill level 10 in Fighting
 13557 | Lair:7   | Reached skill level 15 in Armour
 13705 | Lair:8   | Entered Level 8 of the Lair of Beasts
 13896 | Lair:8   | Found a staircase to the Slime Pits.
 14425 | Lair:8   | Reached skill level 16 in Axes
 14587 | Lair:8   | Found a burning altar of Makhleb.
 14704 | Lair:8   | Found a gateway to Hell.
 14753 | Lair:8   | Received a gift from Trog
 14849 | Lair:8   | Gained mutation: You resist negative energy. [Deep Dwarf growth]
 14849 | Lair:8   | Reached XP level 14. HP: 76/133 MP: 3/3
 15175 | Snake:1  | Entered Level 1 of the Snake Pit
 15392 | Snake:1  | Reached skill level 17 in Armour
 15678 | Snake:1  | Noticed Aizul
 15691 | Snake:1  | Killed Aizul
 15941 | Snake:1  | Noticed Asterion
 16069 | Snake:2  | Noticed a greater naga
 16079 | Snake:2  | Killed a greater naga
 16358 | Snake:2  | Reached skill level 18 in Armour
 16479 | Snake:2  | Upgraded the game from 0.17-a0-2074-gaf3f87d to 0.17-a0-2093-gc772f4b
 16890 | Snake:2  | Reached XP level 15. HP: 34/142 MP: 1/1
 17228 | Snake:3  | Noticed Vashnia
 17235 | Snake:3  | Noticed Azrael
 17248 | Snake:3  | Killed Azrael
 17436 | Snake:3  | Got a bloodstained longbow
 17441 | Snake:3  | Identified the cursed +3 longbow "Hesaces" {freeze, rElec} (You found it on level 3 of the Snake Pit)
 17513 | Snake:3  | Reached skill level 19 in Armour
 18337 | Snake:4  | Entered Level 4 of the Snake Pit
 18337 | Snake:4  | Noticed a greater naga
 18337 | Snake:4  | Noticed a greater naga
 18618 | Snake:4  | Noticed a greater naga
 18631 | Snake:4  | Killed a greater naga
 18761 | Snake:4  | Gained mutation: You have a beak for a mouth. [mutagenic meat]
 18762 | Snake:4  | Gained mutation: You are covered in fur (AC +1). [mutagenic meat]
 18775 | Snake:4  | Reached skill level 20 in Armour
 18792 | Snake:4  | Gained mutation: You can spit weak poison. [mutagenic meat]
 18794 | Snake:4  | Gained mutation: You are frail (-10% HP). [mutagenic meat]
 18797 | Snake:4  | Gained mutation: You have sharp toenails. [mutagenic meat]
 18801 | Snake:4  | Lost mutation: You have sharp toenails. [potion of cure mutation]
 18801 | Snake:4  | Lost mutation: You are frail (-10% HP). [potion of cure mutation]
 18801 | Snake:4  | Lost mutation: You can spit weak poison. [potion of cure mutation]
 18879 | Snake:4  | Gained mutation: You have a pair of small horns on your head. [mutagenic meat]
 18882 | Snake:4  | Gained mutation: Scrolls take you a little longer to read. [mutagenic meat]
 19077 | Snake:4  | Killed a greater naga
 19083 | Snake:4  | Noticed a greater naga
 19093 | Snake:4  | Noticed a greater naga
 19093 | Snake:4  | Noticed a greater naga
 19093 | Snake:4  | Noticed a greater naga
 19093 | Snake:4  | Noticed a greater naga
 19093 | Snake:4  | Noticed a greater naga
 19093 | Snake:4  | Noticed a greater naga
 19098 | Snake:4  | Killed from afar by a naga ritualist

Vault maps used:
D:1:      dpeg_arrival_pond, minmay_tree_intersection
D:4:      minmay_temple_entry_junction, kennysheep_boxes, uniq_duvessa
D:5:      first_bread, nicolae_ashenzari_panopticon, uniq_blork_the_orc
D:6:      nicolae_evil_shop
D:7:      lemuel_castle_with_subvaults
D:8:      basic_altar
D:9:      nicolae_overflow_hidden_temple, minmay_lair_entry_lava, serial_shops,
          shop, david_nohive_1, hangedman_weighted_door
Lair:2:   nicolae_quartered_pool_medium, lemuel_old_faithful,
          infiniplex_staircase_pool, lemuel_fruit_tree
Lair:3:   basic_altar, grunt_forest_small_clearings
Lair:4:   minivault_27, minmay_hedge_maze
Lair:5:   minmay_shoals_entry_hut, minmay_snake_entry_guardpost_medium,
          uniq_nessos
Lair:6:   minivault_24, st_stairs_12
Lair:7:   serial_bayou_pond_d, st_stairs_7, serial_bayou_shore_a,
          lemuel_fruit_fields, serial_bayou_shore_b
Lair:8:   evil_forest, nicolae_slime_entry_slimehenge, guppyfry_lair_drakes
Snake:1:  grunt_ministairs_8, uniq_aizul, uniq_asterion
Snake:3:  st_stairs_12, uniq_vashnia, uniq_azrael
Snake:4:  snake_hunt, grunt_ministairs_6

Action                   |  1- 3 |  4- 6 |  7- 9 | 10-12 | 13-15 || total
-------------------------+-------+-------+-------+-------+-------++-------
Melee: Hand axe          |    57 |       |       |       |       ||    57
       War axe           |    30 |    47 |       |       |       ||    77
       Flail             |       |    30 |       |       |       ||    30
       Broad axe         |       |    14 |   269 |    54 |       ||   337
       Battleaxe         |       |       |       |   171 |       ||   171
       Executioner's axe |       |       |       |   275 |   559 ||   834
Invok: Trog's Hand       |       |     3 |     5 |    26 |    46 ||    80
       Burn Spellbooks   |       |       |     1 |     2 |     3 ||     6
       Berserk           |       |       |     1 |     4 |     4 ||     9
 Abil: Device Recharging |       |     1 |     3 |     4 |     7 ||    15
Evoke: Wand              |     1 |     3 |    13 |    12 |    37 ||    66
  Use: Scroll            |     6 |     2 |     2 |    15 |    14 ||    39
       Potion            |       |       |     2 |     4 |    12 ||    18
  Eat: Bread ration      |     1 |       |     2 |     2 |     4 ||     9
       Meat ration       |       |     1 |       |     3 |     2 ||     6
       Royal jelly       |       |       |       |     4 |     3 ||     7
       Pizza             |       |       |       |       |     1 ||     1
       Chunk             |       |       |       |       |     7 ||     7
